 Dungeon Crawl Stone Soup version 0.30-a0-374-g95c0257040 (webtiles) character file.

Game seed: 10381300479034382343

1141 arthad the Insei (level 8, -2/59 (60) HPs)
             Began as a Gnoll Transmuter on Nov 26, 2022.
             Was an Initiate of Gozag.
             Slain by a wight
             ... wielding a +4 spear
              (4 damage)
             ... on level 6 of the Dungeon.
             The game lasted 00:11:22 (5316 turns).

arthad the Insei (Gnoll Transmuter)                 Turns: 5316, Time: 00:11:22

HP:   -2/59 (60)    AC: 10    Str:  9    XL:     8   Next: 37%
MP:   17/17         EV: 14    Int: 14    God:    Gozag
Gold: 481           SH:  0    Dex: 24    Spells: 9/19 levels left

rFire   . . .      SeeInvis .      - Unarmed
rCold   . . .      Faith    .    (no shield)
rNeg    . . .      Spirit   .    t - +3 ring mail of the Evening {-Tele Rampage rCorr Dex+4}
rPois   .          Reflect  .    (no helmet)
rElec   .          Harm     .    B - +1 cloak {Stlth+}
rCorr   +          Rampage  +    (no gloves)
Will    .....      NoTele   +    (no boots)
Stlth   +++.......               r - amulet of magic regeneration
HPRegen 0.29/turn                e - +6 ring of dexterity
MPRegen 0.55/turn                (no ring)

@: on berserk cooldown, slowed, lightly drained, very slow
A: fangs 1, strong nose, distributed training
a: Renounce Religion, Potion Petition, Call Merchant, Bribe Branch


You were on level 6 of the Dungeon.
You worshipped Gozag.
Gozag was aware of your devotion.
You visited 1 branch of the dungeon, and saw 6 of its levels.

You collected 566 gold pieces.
You paid 85 gold pieces to Gozag.

Inventory:

Hand Weapons
 z - a +0 rapier
 A - a +2 quarterstaff of chaos
 G - a +5 war axe of freezing
Missiles
 i - 5 poisoned darts
 l - 11 boomerangs
Armour
 a - a +0 robe
 k - an orb of guile
 t - the +3 ring mail of the Evening (worn) {-Tele Rampage rCorr Dex+4}
   (You found it on level 3 of the Dungeon)

   Dex:       It affects your dexterity (+4).
   -Tele:     It prevents most forms of teleportation.
   rCorr:     It protects you from acid and corrosion.
   Rampage:   It bestows one free step when moving towards enemies.
 B - a +1 cloak of stealth (worn)
Magical Staves
 j - a staff of conjuration
Jewellery
 e - a +6 ring of dexterity (left hand)
 r - an amulet of magic regeneration (around neck)
 F - an amulet of guardian spirit
Wands
 y - a wand of flame (25)
 C - a wand of polymorph (13)
Scrolls
 c - a scroll of blinking {unknown}
 d - a scroll of teleportation
 f - a scroll of noise {unknown}
 m - 5 scrolls of identify {unknown}
 n - a scroll of fog {unknown}
 o - 2 scrolls of enchant weapon {unknown}
 p - 2 scrolls of amnesia {unknown}
 D - a scroll of torment {unknown}
Potions
 b - a potion of lignification
 g - a potion of curing
 h - a potion of flight
 q - a potion of berserk rage
 s - a potion of brilliance
 u - 2 potions of haste {unknown}
 v - 2 potions of attraction {unknown}
 w - a potion of mutation {unknown}
 x - a potion of heal wounds {unknown}
 E - a potion of degeneration {unknown}


   Skills:
 + Level 4.2 Fighting
 + Level 3.3 Short Blades
 + Level 3.3 Long Blades
 + Level 3.3 Axes
 + Level 3.3 Maces & Flails
 + Level 3.3 Polearms
 + Level 3.3 Staves
 + Level 3.3 Ranged Weapons
 + Level 3.3 Throwing
 + Level 3.3 Armour
 + Level 5.7 Dodging
 + Level 3.3 Stealth
 + Level 3.3 Shields
 + Level 7.4 Unarmed Combat
 + Level 6.1 Spellcasting
 + Level 2.7 Conjurations
 + Level 2.7 Hexes
 + Level 2.7 Summonings
 + Level 2.7 Necromancy
 + Level 2.7 Translocations
 + Level 4.7 Transmutations
 + Level 2.7 Fire Magic
 + Level 2.7 Ice Magic
 + Level 2.7 Air Magic
 + Level 2.7 Earth Magic
 + Level 2.7 Poison Magic
 + Level 3.6 Invocations
 + Level 3.3 Evocations


You had 9 spell levels left.
You knew the following spells:

 Your Spells              Type           Power      Damage    Failure   Level
a - Beastly Appendage     Tmut           34%        N/A       6%          1
b - Wereblood             Tmut           17%        N/A       9%          2
c - Spider Form           Tmut/Pois      14%        N/A       26%         3
d - Ice Form              Ice/Tmut       14%        N/A       65%         4

Your spell library contained the following spells:

 Spells                   Type           Power      Damage    Failure   Level
 Ensorcelled Hibernation  Hex/Ice        22%        N/A       21%         2
 Airstrike                Air            5%         2d(1-17)  78%         4
 Anguish                  Hex/Necr       5%         N/A       78%         4
 Summon Lightning Spire   Summ/Air       11%        N/A       78%         4
 Lightning Bolt           Conj/Air       5%         1d17      98%         5


Dungeon Overview and Level Annotations

Branches:
Dungeon (6/15)             Temple (0/1) D:4

Altars:
Cheibriados
Fedhas
Gozag
Hepliaklqana
Nemelex Xobeh
Trog
Uskayaw
Vehumet
The Shining One


Innate Abilities, Weirdness & Mutations

You have very sharp teeth.
Your uncanny sense of smell can sniff out nearby items.
Your experience applies equally to all skills.


Message History

The wight hits you with a +5 war axe of freezing!
* * * LOW HITPOINT WARNING * * *
You feel drained.
* * * LOW HITPOINT WARNING * * *
The wight freezes you.
* * * LOW HITPOINT WARNING * * *
Press: ? - help, v - describe, . - travel, g - get item
Here: a wight, wielding a +5 war axe of freezing and wearing a +0 robe
Items here: 7 gold pieces; a +0 dire flail; a +0 robe.
The floor.
Unknown command.
Casting: Spider Form (dangerous; 26% risk of failure)
Confirm with . or Enter, or press ? or * to list all spells.
Okay, then.
Unknown command.
It was a potion of berserk rage.
A red film seems to cover your vision as you go berserk!
You feel yourself moving faster!
You feel mighty! The wight closely misses you.
You barely miss the wight. The wight closely misses you.
You punch the wight!
The wight is heavily damaged.
You punch the wight!
You destroy the wight!
You now have 481 gold pieces (gained 13).
Items here: )) [[.
G - a +5 war axe of freezing You feel a strong urge to attack something.
Unknown command.
You start resting.
You feel your anger nearly subside.
You are no longer berserk.
You are exhausted.
You feel yourself slow down.
You start resting.
A wight comes into view. It is wielding a +4 spear.
A wight is nearby!
The wight hits you from afar with a +4 spear!
* * * LOW HITPOINT WARNING * * *
The wight hits you from afar with a +4 spear.
You die...
Your body crumbles into a pile of gold.

#.# .. #.# .## ##+# #.# ..
##.>.## #.# ## .# ##.....## #.##
##.##.# #.......## ##..# #.#...##
.........####...#########...$.#.#
.........'......@.z...[..........
.........####...###.#######!..###
#.......####....# #.# ##..#
##.....## #..#..# #.# #.# ##...##
#.###.# #.# .# ####'##
#..#..###.# .# #....# ##........#
# #..<.## ##.#######
......#######.#


You could see a wight.

Vanquished Creatures
  A centaur (D:6)
  A phantom (D:5)
  A scorpion (D:5)
  2 wights (D:6)
  2 jellies
  2 orc priests
  A gnoll bouda (D:5)
  2 hounds
  Crazy Yiuf (D:4)
  4 orc wizards
  Ijyb (D:5)
  4 iguanas
  5 gnolls (D:5)
  5 adders
  2 white imps (D:5)
  A worm (D:5)
  2 dart slugs (D:1)
  16 orcs
  6 bats
  8 endoplasms
  2 giant cockroaches
  10 hobgoblins
  3 jackals
  5 kobolds
  6 quokkas
  8 ball pythons
  3 frilled lizards
  10 goblins
  7 rats
121 creatures vanquished.

Vanquished Creatures (others)
  Eustachio (D:4)
  A plant (D:4)
2 creatures vanquished.

Grand Total: 123 creatures vanquished

Notes
Turn   | Place    | Note
-------+----------+-------------------------------------------
     0 | D:1      | arthad the Gnoll Transmuter began the quest for the Orb.
     0 | D:1      | Reached XP level 1. HP: 17/17 MP: 6/6
   140 | D:1      | Reached XP level 2. HP: 19/23 MP: 7/7
   565 | D:1      | Reached skill level 5 in Spellcasting
   565 | D:1      | Reached XP level 3. HP: 28/28 MP: 7/9
  1023 | D:1      | Reached skill level 1 in Invocations
  1070 | D:2      | Reached skill level 1 in Short Blades
  1070 | D:2      | Reached skill level 1 in Long Blades
  1070 | D:2      | Reached skill level 1 in Axes
  1070 | D:2      | Reached skill level 1 in Maces & Flails
  1070 | D:2      | Reached skill level 1 in Polearms
  1070 | D:2      | Reached skill level 1 in Staves
  1070 | D:2      | Reached skill level 1 in Ranged Weapons
  1070 | D:2      | Reached skill level 1 in Throwing
  1070 | D:2      | Reached skill level 1 in Armour
  1070 | D:2      | Reached skill level 1 in Stealth
  1070 | D:2      | Reached skill level 1 in Shields
  1070 | D:2      | Reached skill level 1 in Evocations
  1070 | D:2      | Reached XP level 4. HP: 27/34 MP: 11/11
  1090 | D:2      | Learned a level 2 spell: Wereblood
  1094 | D:2      | Learned a level 3 spell: Spider Form
  1099 | D:2      | Learned a level 4 spell: Ice Form
  1165 | D:2      | Found a blossoming altar of Fedhas.
  1347 | D:2      | Reached skill level 1 in Conjurations
  1347 | D:2      | Reached skill level 1 in Hexes
  1347 | D:2      | Reached skill level 1 in Summonings
  1347 | D:2      | Reached skill level 1 in Necromancy
  1347 | D:2      | Reached skill level 1 in Translocations
  1347 | D:2      | Reached skill level 1 in Fire Magic
  1347 | D:2      | Reached skill level 1 in Ice Magic
  1347 | D:2      | Reached skill level 1 in Air Magic
  1347 | D:2      | Reached skill level 1 in Earth Magic
  1347 | D:2      | Reached skill level 1 in Poison Magic
  1360 | D:2      | Reached XP level 5. HP: 28/40 MP: 5/12
  2476 | D:3      | Identified the +3 ring mail of the Evening {-Tele Rampage
                  | rCorr Dex+4}
  2532 | D:3      | Found a sparkling altar of Nemelex Xobeh.
  2532 | D:3      | Found a snail-covered altar of Cheibriados.
  2900 | D:4      | Reached XP level 6. HP: 24/47 MP: 14/14
  3008 | D:4      | Reached skill level 5 in Dodging
  3170 | D:4      | Found a staircase to the Ecumenical Temple.
  3421 | D:4      | Found an opulent altar of Gozag.
  3471 | D:4      | Found a runed translucent door.
  3472 | D:4      | Noticed Crazy Yiuf
  3496 | D:4      | Became a worshipper of Gozag Ym Sagoz the Greedy
  3723 | D:4      | Found a hide-covered altar of Uskayaw.
  3723 | D:4      | Noticed Eustachio
  3744 | D:4      | Killed Eustachio
  3745 | D:4      | Reached skill level 7 in Unarmed Combat
  3745 | D:4      | Reached XP level 7. HP: 40/52 MP: 15/15
  3819 | D:4      | Found a bloodstained altar of Trog.
  3914 | D:4      | Killed Crazy Yiuf
  4152 | D:5      | Entered Level 5 of the Dungeon
  4161 | D:5      | Noticed Ijyb
  4187 | D:5      | Killed Ijyb
  4609 | D:5      | Found a hazy altar of Hepliaklqana.
  4646 | D:5      | Found a glowing golden altar of the Shining One.
  4820 | D:5      | Found a radiant altar of Vehumet.
  5012 | D:5      | Reached XP level 8. HP: 53/60 MP: 16/16
  5314 | D:6      | HP: 1/59 [wight/+4 spear (11)]
  5316 | D:6      | Slain by a wight

Illustrated notes

Levels and vault maps discovered:
D:1:      dpeg_arrival_renting, layout_basic, kennysheep_small_spiral,
          minmay_hexomino_p4
D:2:      layout_loops_corners, basic_altar
D:3:      layout_loops_ring, gammafunk_temple_overflow_elements, minmay_cupped
D:4:      layout_layer_cave, mainiacjoe_overflow_alcove_1,
          nicolae_gozag_seed_capital, nicolae_uskayaw_dance_hall,
          minmay_temple_entry_overgrown, uniq_crazy_yiuf_cottage, uniq_eustachio
D:5:      layout_loops_cross, kennysheep_mini_moat,
          nicolae_tso_carved_into_rock, lemuel_tele_altar, uniq_ijyb
D:6:      layout_loops_corners, mainiacjoe_overflow_large_starburst,
          uniq_menkaure

Skill      XL: |  1  2  3  4  5  6  7  8 |
---------------+-------------------------+-----
Spellcasting   | 5 6 |  6.1
Invocations    | 1 2 3 |  3.6
Short Blades   | 1 2 3 |  3.3
Long Blades    | 1 2 3 |  3.3
Axes           | 1 2 3 |  3.3
Maces & Flails | 1 2 3 |  3.3
Polearms       | 1 2 3 |  3.3
Staves         | 1 2 3 |  3.3
Ranged Weapons | 1 2 3 |  3.3
Throwing       | 1 2 3 |  3.3
Armour         | 1 2 3 |  3.3
Stealth        | 1 2 3 |  3.3
Shields        | 1 2 3 |  3.3
Evocations     | 1 2 3 |  3.3
Conjurations   | 1 2 |  2.7
Hexes          | 1 2 |  2.7
Summonings     | 1 2 |  2.7
Necromancy     | 1 2 |  2.7
Translocations | 1 2 |  2.7
Fire Magic     | 1 2 |  2.7
Ice Magic      | 1 2 |  2.7
Air Magic      | 1 2 |  2.7
Earth Magic    | 1 2 |  2.7
Poison Magic   | 1 2 |  2.7
Fighting       | 3 4 |  4.2
Transmutations | 4 |  4.7
Dodging        | 5 |  5.7
Unarmed Combat | 7 |  7.4

Action                   |  1- 3 |  4- 6 |  7- 9 || total
-------------------------+-------+-------+-------++-------
Melee: Unarmed           |    74 |   181 |   141 ||   396
       Bite              |    12 |    10 |    17 ||    39
       Headbutt          |     1 |     8 |       ||     9
       Punch             |     4 |     9 |     3 ||    16
       Kick              |     1 |    18 |       ||    19
 Cast: Beastly Appendage |     2 |     4 |       ||     6
       Spider Form       |       |     3 |     4 ||     7
       Wereblood         |       |     2 |     1 ||     3
  Use: Scroll            |     1 |       |       ||     1
       Potion            |       |       |     4 ||     4
 Stab: Sleeping          |     4 |     9 |     5 ||    18
       Distracted        |       |     1 |     2 ||     3
Armor: Robe              |     5 |     9 |       ||    14
       Ring mail         |       |    28 |    25 ||    53
       Skin              |       |     1 |     4 ||     5
Dodge: Dodged            |    36 |   108 |    97 ||   241

Table legend: (Time is in decaauts)
 A = Elapsed time spent in this place.
 B = Non-inter-level travel time spent in this place.
 C = Inter-level travel time spent in this place.
 D = Time resting spent in this place.
 E = Time spent auto-exploring this place.
 F = Levels seen in this place.
 G = Mean time per level.
                   A        B        C        D        E       F      G
               +--------+--------+--------+--------+--------+-----+--------+
         Total |   5267 |   5095 |    172 |    574 |   3577 |   6 |  877.8 |
       Dungeon |   5267 |   5095 |    172 |    574 |   3577 |   6 |  877.8 |
               +--------+--------+--------+--------+--------+-----+--------+

Top non-repeatable levels by time:
     D:4: 1273 daAuts
     D:5: 1051 daAuts
     D:1: 1051 daAuts
     D:2: 993 daAuts
     D:3: 801 daAuts
     D:6: 96 daAuts
